 Dungeon Crawl Stone Soup version 0.25.0-15-gac7dcb8919 (webtiles) character file.

Game seed: 4174838260980658992

5277 sanka the Fighter (level 10, -1/78 HPs)
             Began as a Barachi Wizard on June 28, 2020.
             Was a Priest of Hepliaklqana.
             Slain by a warg (15 damage)
             ... on level 9 of the Dungeon.
             The game lasted 00:31:10 (9802 turns).

sanka the Fighter (Barachi Wizard)                  Turns: 9802, Time: 00:31:10

Health: -1/78      AC:  4    Str: 13    XL:     10   Next: 63%
Magic:  10/19      EV: 18    Int: 30    God:    Hepliaklqana [***...]
Gold:   526        SH:  0    Dex: 12    Spells: 15/21 levels left

rFire    + . .     SeeInvis .   a - +10 hand axe of Taxation {flame, Str+4 Int+4}
rCold    . . .     Gourm    .   (no shield)
rNeg     . . .     Faith    .   r - +0 robe
rPois    .         Spirit   .   s - +1 helmet
rElec    .         Reflect  .   w - scarf {repulsion}
rCorr    .         Harm     .   (no gloves)
MR       .....                  (no boots)
Stlth    ++........             (no amulet)
HPRegen  0.23/turn              Q - ring of protection from fire
MPRegen  0.16/turn              O - +6 ring of intelligence

@: repel missiles, slow
A: +LOS, swims, reduced essence, slowness 1, strong legs 1
a: Hop, Recall Ancestor, Ancestor Identity, Transference, Renounce Religion


You were on level 9 of the Dungeon.
You worshipped Hepliaklqana.
Hepliaklqana was most pleased with you.
You were not hungry.

You visited 1 branch of the dungeon, and saw 9 of its levels.

You collected 526 gold pieces.


Innate Abilities, Weirdness & Mutations

You can be seen from farther away. (+LOS)
You can swim through water.
You cover ground slowly.
You can hop short distances.
Your life essence is reduced to manifest your ancestor. (-10% HP)


   Skills:
 + Level 11.0 Fighting
 + Level 10.5 Dodging
 - Level 1.7 Stealth
 - Level 6.0 Spellcasting
 - Level 4.0 Conjurations
 - Level 3.0 Summonings
   Level 1.1 Translocations
 - Level 3.0 Air Magic
 - Level 3.0 Poison Magic


You had 15 spell levels left.
You knew the following spells:

 Your Spells              Type           Power        Failure   Level  Hunger
c - Mephitic Cloud        Conj/Pois/Air  ####....     4%          3    None
x - Call Imp              Summ           ####....     2%          2    None
z - Magic Dart            Conj           ####         1%          1    None

Your spell library contained the following spells:

 Spells                   Type           Power        Failure   Level  Hunger
 Summon Small Mammal      Summ           ####         1%          1    None
 Apportation              Tloc           ###...       3%          1    None
 Blink                    Tloc           N/A          4%          2    None
 Animate Skeleton         Necr           N/A          5%          1    None
 Corona                   Hex            #......      5%          1    None
 Conjure Flame            Conj/Fire      ###.....     7%          3    None
 Dazzling Flash           Conj/Hex       ###...       7%          3    None
 Ensorcelled Hibernation  Hex/Ice        #.....       8%          2    None
 Slow                     Hex            #.......     8%          2    None
 Confusing Touch          Hex            #.......     16%         3    None
 Tukima's Dance           Hex            #.......     16%         3    None

Inventory:

Hand Weapons
 a - the +10 hand axe of Taxation (weapon) {flame, Str+4 Int+4}

   It has been specially enchanted to burn those struck by it, causing extra
   injury to most foes and up to half again as much damage against particularly
   susceptible opponents.
   Big, fiery blades are also staple armaments of hydra-hunters.
   It affects your strength (+4).
   It affects your intelligence (+4).
 c - a +0 short sword
 p - a +2 vorpal flail
 E - a +0 great sword
 U - a +2 trident of venom
Missiles
 f - 349 stones (quivered)
 o - 20 poisoned darts
 N - 3 curare-tipped darts {=f}
 P - 2 throwing nets {=f}
Armour
 r - a +0 robe (worn)
 s - a +1 helmet (worn)
 w - a scarf of repulsion (worn)
Magical Staves
 b - an uncursed staff of wizardry {!a}
Jewellery
 v - an uncursed ring of fire
 O - a +6 ring of intelligence (right hand)
 Q - a ring of protection from fire (left hand)
Wands
 u - a wand of polymorph (1)
 I - a wand of random effects (33)
 K - a wand of enslavement (8)
 R - a wand of iceblast (7)
 T - a wand of clouds (5)
Scrolls
 e - 3 scrolls of fear
 g - a scroll of remove curse {unknown}
 l - 4 scrolls of teleportation {@r4}
 y - a scroll of enchant weapon
 B - 3 scrolls of fog
 C - 3 scrolls of enchant armour
 D - 2 scrolls of immolation {unknown}
 J - 2 scrolls of magic mapping {unknown}
 L - a scroll of blinking {unknown}
 S - a scroll of identify {@r1}
Potions
 h - 3 potions of degeneration {unknown}
 i - 3 potions of ambrosia {unknown}
 j - 7 potions of curing {@q1}
 k - 3 potions of mutation {unknown}
 m - 4 potions of brilliance {unknown}
 n - a potion of stabbing {unknown}
 q - 2 potions of heal wounds {unknown}
 t - a potion of haste {unknown}
 x - 2 potions of might {unknown}
 z - a potion of cancellation {unknown}
 A - a potion of flight {unknown}
 F - a potion of lignification {unknown}
 G - a potion of berserk rage {unknown}
 H - a potion of magic {unknown}
Comestibles
 d - 17 rations
 M - 12 chunks of flesh

Dungeon Overview and Level Annotations

Branches:
Dungeon (9/15)             Temple (0/1) D:7            Lair (0/6) D:9
    Orc: D:9-12

Altars:
Ashenzari
Cheibriados
Elyvilon
Fedhas
Hepliaklqana
Makhleb
Okawaru
Qazlal
Ru
Sif Muna
Uskayaw
The Shining One

Shops:
D:6 ::(   D:7 }

Annotations:
D:6 2 transporters

......▒▒.▒▒▒▒▒▒▒▒.
.....£+.........+
..<.%.▒▒.▒▒▒▒▒▒▒▒ ......▒▒'▒▒▒▒▒
.............▒ ▒.....
.............▒ ▒....▒
.............▒▒▒▒▒ ▒....▒
.................▒ ▒....▒ .
▒....▒.......▒▒▒F▒▒▒▒▒▒▒▒▒....▒..
▒....▒.......▒...h......▒▒.....{.
▒....▒.......▒..÷.o.....▒▒...o...
▒... ▒.......▒...†).....▒▒o....To
▒.......▒.T).o.....▒▒.▒
.......▒▒▒.5........'..▒
..▒▒▒▒▒▒▒ ▒..........▒▒.▒ ..
...............▒▒.▒ .
...............▒▒.▒▒▒


You could see a troll (confused), a warg, an orc warrior (confused), an orc and
a friendly crimson imp (summoned).


Message History

The orc priest is moderately wounded.
You closely miss the orc.
The orc warrior is engulfed in noxious fumes.
The orc warrior appears confused.
The orc warrior says, "I'm a little confused."
The orc hits you with a +0 short sword.
* * * LOW HITPOINT WARNING * * *
The orc warrior hits you with a +0 hand axe!
* * * LOW HITPOINT WARNING * * *
The orc priest closely misses you.
Unknown command.
You catch the helpless orc priest completely off-guard!
You slash the orc priest! You burn the orc priest.
You kill the orc priest!
You hit the orc. You burn the orc.
You kill the orc!
You hit the warg. You burn the warg. You slash the orc warrior!
You burn the orc warrior. The warg misses you.
The troll chortles and stares into space.
The warg bites you.
* * * LOW HITPOINT WARNING * * *
Your crimson imp hits the troll.
The warg barely misses you. The warg bites you!
You die...

Action                   |  1- 3 |  4- 6 |  7- 9 | 10-12 || total
-------------------------+-------+-------+-------+-------++-------
Melee: Unarmed           |    10 |       |       |       ||    10
       Short sword       |     2 |     4 |       |       ||     6
       Trident           |       |    36 |    75 |    26 ||   137
       Flail             |       |     8 |       |       ||     8
       Hand axe          |       |       |       |    18 ||    18
 Cast: Magic Dart        |    80 |    60 |   110 |    15 ||   265
       Call Imp          |    13 |    20 |    20 |    12 ||    65
       Mephitic Cloud    |       |       |     4 |     2 ||     6
Invok: Ancestor Life: Ba |       |       |     1 |       ||     1
 Abil: Hop               |     1 |       |     1 |       ||     2
Evoke: Wand              |       |     5 |     1 |       ||     6
  Use: Scroll            |       |     3 |     2 |       ||     5
       Potion            |       |       |     2 |       ||     2
 Stab: Sleeping          |       |     1 |     2 |       ||     3
       Distracted        |       |     1 |       |     1 ||     2
       Confused          |       |       |       |     1 ||     1
  Eat: Chunk             |     3 |    11 |    14 |     4 ||    32
Armor: Robe              |     6 |    15 |    14 |     4 ||    39
Dodge: Dodged            |    14 |    43 |    67 |    34 ||   158
       Repelled          |       |       |     8 |       ||     8

Levels and vault maps discovered:
D:1:      matt_arrival_refuge, layout_basic
D:2:      layout_rooms, chequers_temple_overflow_statue_of_worship,
          nicolae_qazlal_general_emergency, chequers_ecumenical_altar_island,
          grunt_decor_resistance, uniq_robin, uniq_sigmund
D:3:      layout_loops_ring, lemuel_crystal_altar, corexii_leaking_fountain,
          uniq_grinder
D:4:      layout_cave_pools, cheibriados_altar_1, grunt_temple_overflow_diamond
D:5:      layout_loops_ring, elyvilon_altar_4, first_ration
D:6:      kennysheep_slugbush, layout_layer_cave,
          nicolae_overflow_hidden_temple, serial_shops, shop, shop,
          nicolae_shop_crystal, gammafunk_ghost_abyssal_escape, uniq_menkaure
D:7:      layout_gridville, minmay_temple_entry_poolview, serial_shops,
          nicolae_shop_trees
D:8:      layout_cave_pools, fedhas_altar_4, lemuel_blue_sif_altar,
          grunt_livestock, uniq_prince_ribbit1
D:9:      layout_basic, erik_lair_orcish_takeover, enter_bailey_2,
          minmay_misc_feat_tower, minmay_shop_chei,
          minmay_fractal_squares_diagonal_5

Notes
Turn   | Place    | Note
-------+----------+-------------------------------------------
     0 | D:1      | sanka the Barachi Wizard began the quest for the Orb.
     0 | D:1      | Reached XP level 1. HP: 13/13 MP: 4/4
   201 | D:1      | Reached XP level 2. HP: 18/19 MP: 2/6
   384 | D:1      | Reached skill level 2 in Conjurations
   415 | D:1      | Learned a level 2 spell: Call Imp
  1051 | D:1      | Reached skill level 4 in Spellcasting
  1051 | D:1      | Reached XP level 3. HP: 24/24 MP: 2/8
  1332 | D:1      | Reached skill level 2 in Summonings
  1506 | D:2      | Learned a level 3 spell: Mephitic Cloud
  1857 | D:2      | Noticed Sigmund
  1870 | D:2      | Killed Sigmund
  1870 | D:2      | Reached skill level 3 in Summonings
  1870 | D:2      | Reached skill level 2 in Air Magic
  1870 | D:2      | Reached skill level 2 in Poison Magic
  1870 | D:2      | Reached XP level 4. HP: 21/30 MP: 3/10
  1870 | D:2      | Reached XP level 5. HP: 24/35 MP: 3/11
  1997 | D:2      | Found a faded altar of an unknown god.
  2084 | D:2      | Found a glowing golden altar of the Shining One.
  2086 | D:2      | Found a hazy altar of Hepliaklqana.
  2095 | D:2      | Became a worshipper of Hepliaklqana the Forgotten
  2205 | D:2      | Found a stormy altar of Qazlal.
  2425 | D:2      | Noticed Robin
  2452 | D:2      | Killed Robin
  3012 | D:3      | Noticed Grinder
  3012 | D:3      | Paralysed by Grinder for 3 turns
  3042 | D:3      | Paralysed by Grinder for 4 turns
  3045 | D:3      | HP: 3/31 [Grinder (3)]
  3535 | D:3      | Reached XP level 6. HP: 10/36 MP: 8/12
  3981 | D:3      | Found an iron altar of Okawaru.
  3996 | D:3      | Noticed Grinder
  3996 | D:3      | Grinder changed into Grinder the iron imp
  4005 | D:3      | Killed Grinder the iron imp
  4224 | D:3      | Reached * piety under Hepliaklqana
  4503 | D:4      | Reached skill level 3 in Conjurations
  4563 | D:4      | Reached skill level 3 in Air Magic
  4601 | D:4      | Reached skill level 3 in Poison Magic
  4681 | D:4      | Found a snail-covered altar of Cheibriados.
  4837 | D:4      | Reached skill level 5 in Spellcasting
  4886 | D:4      | Reached XP level 7. HP: 34/41 MP: 14/14
  4951 | D:4      | Found a burning altar of Makhleb.
  4954 | D:4      | Found a shattered altar of Ashenzari.
  4957 | D:4      | Found a sacrificial altar of Ru.
  5217 | D:5      | Entered Level 5 of the Dungeon
  5336 | D:5      | Reached skill level 4 in Conjurations
  5460 | D:5      | Found a white marble altar of Elyvilon.
  5498 | D:5      | Reached ** piety under Hepliaklqana
  5528 | D:5      | Remembered your ancestor Ealdgyð as a battlemage
  5593 | D:5      | Reached skill level 1 in Fighting
  6070 | D:6      | Reached skill level 3 in Dodging
  6086 | D:6      | Reached skill level 2 in Fighting
  6096 | D:6      | Found Amacennu's Book Shoppe.
  6288 | D:6      | Reached skill level 6 in Spellcasting
  6304 | D:6      | Reached skill level 3 in Fighting
  6304 | D:6      | Reached XP level 8. HP: 25/52 MP: 6/17
  6306 | D:6      | Reached skill level 4 in Dodging
  6350 | D:6      | Reached skill level 4 in Fighting
  6352 | D:6      | HP: 5/54 [bullfrog (4)]
  6399 | D:6      | Reached skill level 5 in Dodging
  6420 | D:6      | Reached skill level 5 in Fighting
  6633 | D:6      | Found Zidwaump's Book Shop.
  6651 | D:6      | Found Doffay's Antique Weapon Shoppe.
  7035 | D:6      | Noticed Menkaure
  7045 | D:6      | Killed Menkaure
  7045 | D:6      | Reached skill level 6 in Fighting
  7045 | D:6      | Reached skill level 6 in Dodging
  7049 | D:6      | Found a hide-covered altar of Uskayaw.
  7172 | D:6      | Reached *** piety under Hepliaklqana
  7212 | D:6      | Reached XP level 9. HP: 63/63 MP: 14/18
  7242 | D:6      | Found a transporter.
  7288 | D:6      | Found a transporter.
  7831 | D:7      | Reached skill level 7 in Fighting
  7831 | D:7      | Reached skill level 7 in Dodging
  8203 | D:7      | Found a staircase to the Ecumenical Temple.
  8231 | D:7      | Found Nuizuh's Gadget Shop.
  8639 | D:8      | Reached skill level 8 in Fighting
  8643 | D:8      | Noticed a two-headed ogre
  8745 | D:8      | Killed a two-headed ogre
  8745 | D:8      | Reached skill level 9 in Fighting
  8745 | D:8      | Reached skill level 8 in Dodging
  8938 | D:8      | Reached skill level 9 in Dodging
  9041 | D:8      | Reached XP level 10. HP: 74/74 MP: 15/19
  9279 | D:8      | Found a blossoming altar of Fedhas.
  9386 | D:8      | Reached skill level 10 in Fighting
  9524 | D:8      | Noticed Prince Ribbit
  9535 | D:8      | Killed Prince Ribbit
  9577 | D:8      | Found a shimmering blue altar of Sif Muna.
  9611 | D:9      | Reached skill level 10 in Dodging
  9654 | D:9      | Got a slimy hand axe
  9655 | D:9      | Identified the +10 hand axe of Taxation {flame, Str+4
                  | Int+4} (You found it on level 9 of the Dungeon)
  9772 | D:9      | Found a staircase to the Lair.
  9797 | D:9      | Reached skill level 11 in Fighting
  9802 | D:9      | Slain by a warg

Vanquished Creatures
  A two-headed ogre (D:8)
  2 yaks (D:9)
  A human (D:8)
  A hungry ghost (D:9)
  A warg (D:9)
  An orc warrior (D:7)
  A centaur (D:8)
  2 ogres
  A bullfrog (D:6)
  An electric eel (D:6)
  A howler monkey (D:6)
  3 orc priests
  2 hounds
  An orc wizard (D:9)
  2 iguanas
  4 worker ants
  A battlemage (D:7)
  A gnoll (D:8)
  3 adders
  An ooze (D:2)
  An adder skeleton (D:4)
  An adder zombie (D:6)
  7 dart slugs
  2 worms (D:3)
  5 leopard geckos
  14 orcs
  2 ball pythons
  4 giant cockroaches
  8 goblins
  5 hobgoblins
  2 jackals (D:6)
  4 kobolds
  A quokka (D:6)
  7 bats
  2 frilled lizards
  2 rats
98 creatures vanquished.

Vanquished Creatures (collateral kills)
  Prince Ribbit (D:8)
  Sigmund (D:2)
  A wyvern (D:7)
  3 yaks (D:9)
  4 hogs (D:8)
  Menkaure (D:6)
  A water moccasin (D:6)
  An orc warrior (D:6)
  A sky beast (D:5)
  A necrophage (D:7)
  A phantom (D:7)
  2 centaurs
  2 ogres
  A bullfrog (D:8)
  A gnoll sergeant (D:8)
  A scorpion (D:6)
  8 killer bees
  3 wights (D:6)
  A howler monkey (D:6)
  2 crimson imps
  A centaur zombie (D:7)
  2 jellies
  An orc wizard (D:6)
  5 hounds
  An iron imp (D:3)
  A worker ant (D:9)
  Robin (D:2)
  3 gnolls (D:8)
  3 adders
  A shadow imp (D:8)
  An ooze (D:2)
  3 adder skeletons
  4 worms
  7 dart slugs
  10 orcs
  3 goblins (D:2)
  6 hobgoblins
  3 jackals (D:1)
  A bat (D:2)
  A jackal zombie (D:8)
95 creatures vanquished.

Vanquished Creatures (others)
  4 battlemagi
  5 ancestors
9 creatures vanquished.

Grand Total: 202 creatures vanquished
